 Dungeon Crawl Stone Soup version 0.29.1-2-gbd0b4ee654 (webtiles) character file.

Game seed: 10209598268071775552

3043 xian the Grappler (level 9, -3/85 HPs)
             Began as a Troll Berserker on Oct 29, 2022.
             Was an Elder of Trog.
             Slain by a troll (4 damage)
             ... on level 10 of the Dungeon.
             The game lasted 00:18:54 (5931 turns).

xian the Grappler (Troll Berserker)                 Turns: 5931, Time: 00:18:55

Health: -3/85      AC:  7    Str: 31    XL:     9   Next: 56%
Magic:  0/8        EV: 11    Int:  3    God:    Trog [****..]
Gold:   308        SH:  0    Dex:  9    Spells: 8/8 levels left

rFire   x . .      SeeInvis +     - Unarmed
rCold   + . .      Faith    .   p - orb {*Rage}
rNeg    . . .      Spirit   +   H - +0 troll leather armour
rPois   +          Reflect  .   (helmet restricted)
rElec   .          Harm     .   G - +0 cloak
rCorr   .          Rampage  .   (gloves unavailable)
Will    .....      Rage     20% (boots unavailable)
Stlth   +.........              g - amulet of guardian spirit
HPRegen 1.84/turn               i - ring of poison resistance
MPRegen 0.11/turn               E - ring of ice

@: confused, brilliant, ambrosia-drunk, on berserk cooldown, hasted and slowed
A: large, unfitting armour, claws 3, regeneration 1, shaggy fur 1, tough skin 1,
see invisible
a: Renounce Religion, Berserk, Trog's Hand, Brothers in Arms


You were on level 10 of the Dungeon.
You worshipped Trog.
Trog was greatly pleased with you.
You visited 1 branch of the dungeon, and saw 8 of its levels.
You also visited: Ossuary.

You collected 308 gold pieces.

Inventory:

Hand Weapons
 r - a +1 short sword of electrocution
Missiles
 c - 12 poisoned darts (quivered)
 t - 4 javelins
 B - 3 large rocks
Armour
 p - an orb of wrath (worn)
 v - a +2 robe of willpower
 G - a +0 cloak (worn)
 H - a +0 troll leather armour (worn)
Jewellery
 g - an amulet of guardian spirit (around neck)
 i - a ring of poison resistance (left claw)
 C - an amulet of faith
 E - a ring of ice (right claw)
Wands
 j - a wand of polymorph (4)
 s - a wand of flame (19)
 I - a wand of mindburst (1)
Scrolls
 a - a scroll of noise {unknown}
 e - a scroll of magic mapping {unknown}
 m - a scroll of fear
 n - a scroll of poison
 o - 2 scrolls of teleportation
 u - a scroll of silence
 w - 2 scrolls of enchant weapon
 y - a scroll of enchant armour {unknown}
 D - a scroll of blinking {unknown}
Potions
 b - 2 potions of lignification {unknown}
 d - a potion of mutation
 f - a potion of resistance {unknown}
 h - a potion of haste
 k - a potion of curing {unknown}
 l - a potion of brilliance
 q - a potion of might {unknown}
 x - a potion of invisibility {unknown}
 z - a potion of ambrosia
 A - a potion of cancellation {unknown}
 F - a potion of attraction {unknown}


   Skills:
 + Level 4.3 Fighting
 + Level 2.2 Throwing
 + Level 0.7 Armour
 + Level 5.9 Dodging
 + Level 1.3 Stealth
 + Level 10.6 Unarmed Combat


You had 8 spell levels left.
You didn't know any spells.
Your spell library contained the following spells:

 Spells                   Type           Power      Damage    Failure   Level
 Beastly Appendage        Tmut           0%         N/A       56%         1
 Magic Dart               Conj           0%         1d3       56%         1
 Summon Small Mammal      Summ           0%         N/A       56%         1
 Call Imp                 Summ           0%         N/A       71%         2
 Sublimation of Blood     Necr           0%         N/A       71%         2
 Wereblood                Tmut           0%         N/A       71%         2
 Call Canine Familiar     Summ           0%         N/A       90%         3
 Mephitic Cloud           Conj/Pois/Air  0%         N/A       90%         3
 Spider Form              Tmut/Pois      0%         N/A       90%         3
 Summon Guardian Golem    Hex/Summ       0%         N/A       90%         3
 Petrify                  Tmut/Erth      0%         N/A       100%        4
 Irradiate                Conj/Tmut      0%         3d11      100%        5
 Summon Hydra             Summ           0%         N/A       100%        7


Dungeon Overview and Level Annotations

Branches:
Dungeon (10/15)            Temple (0/1) D:4         Ossuary (visited)
   Lair: D:8-11         Orc: D:9-12

Altars:

Shops:
D:3 =(([   D:6 =

Annotations:
D:3 rings and things Giant Club


Innate Abilities, Weirdness & Mutations

You are too large for most types of armour.
You have claws for hands.
Your natural rate of healing is unusually fast.
You are covered in fur. (AC +1)
You have tough skin. (AC +1)
You have supernaturally acute eyesight. (SInv)


Message History

The centaur closely misses you.
You mangle the centaur!!
You kill the centaur!
Trog accepts your kill.
The troll closely misses you. x2; The troll claws you but does no damage.
Unknown command.
You feel yourself speed up. The troll barely misses you. The troll claws you.
* * * LOW HITPOINT WARNING * * *
The troll closely misses you.
It was a potion of mutation.
You feel extremely strange.
Your vision sharpens.
The troll bites you but does no damage. The troll barely misses you.
The troll closely misses you.
It was a potion of brilliance.
You feel clever all of a sudden. The troll bites you!
* * * LOW HITPOINT WARNING * * *
The troll claws you!
* * * LOW HITPOINT WARNING * * *
The troll closely misses you.
It was a potion of ambrosia.
You are confused.
You feel invigorated. The troll closely misses you. The troll claws you.
* * * LOW HITPOINT WARNING * * *
The troll closely misses you.
Unknown command.
Unknown command.
You're too confused to move!
The troll bites you but does no damage. The troll claws you!
* * * LOW HITPOINT WARNING * * *
The troll claws you but does no damage.
Unknown command.
You mangle the troll!!
The troll is severely wounded.
The troll bites you.
* * * LOW HITPOINT WARNING * * *
The troll claws you!
* * * LOW HITPOINT WARNING * * *
The troll claws you!
You die...

..............<.
................
................
................
................
................
................
........$.......
......T@........
......).........
...###......(...
... #..........
# .#.........
#...........
##......... .#
.........


You could see a troll.

Vanquished Creatures
  A troll (D:7)
  A steam dragon (D:7)
  2 ice beasts
  4 black bears
  2 ogres
  2 centaurs
  3 bullfrogs
  2 necrophages (D:6)
  A scorpion (D:6)
  6 killer bees (D:7)
  A howler monkey (D:6)
  2 centaur zombies (Ossuary)
  5 jellies
  Crazy Yiuf (D:6)
  4 hounds
  2 orc priests (D:4)
  A gnoll bouda (D:6)
  4 human zombies (Ossuary)
  Natasha (twice) (D:2)
  4 iguanas
  2 orc wizards (D:4)
  3 mummies
  16 gnolls
  4 adders
  3 shadow imps (D:6)
  A white imp (D:6)
  An ufetubus (D:5)
  2 worms
  4 dart slugs
  11 orcs
  8 endoplasms
  4 giant cockroaches
  6 goblins
  2 hobgoblins
  10 ball pythons
  4 bats
  2 frilled lizards (D:3)
  12 hobgoblin zombies (Ossuary)
  6 kobolds
  5 kobold zombies (Ossuary)
  12 orc zombies (Ossuary)
  5 rats
  2 rat zombies (Ossuary)
175 creatures vanquished.

Notes
Turn   | Place    | Note
-------+----------+-------------------------------------------
     0 | D:1      | xian the Troll Berserker began the quest for the Orb.
     0 | D:1      | Reached XP level 1. HP: 22/22 MP: 0/0
   228 | D:1      | Reached XP level 2. HP: 25/29 MP: 1/1
   707 | D:1      | Found a faded altar of an unknown god.
  1382 | D:2      | Noticed Natasha
  1390 | D:2      | Killed Natasha
  1391 | D:2      | Reached XP level 3. HP: 34/36 MP: 2/2
  1499 | D:2      | Reached ** piety under Trog
  1588 | D:2      | Reached XP level 4. HP: 44/44 MP: 1/3
  1664 | D:2      | Noticed Natasha
  1673 | D:2      | Killed Natasha
  1674 | D:2      | Reached skill level 4 in Unarmed Combat
  1984 | D:3      | Found Beameil's Jewellery Emporium.
  2063 | D:3      | Found Aheysm's Antique Weapon Emporium.
  2110 | D:3      | Found Nem Viaz's Weapon Boutique.
  2213 | D:3      | Found Umaw's Antique Armour Shoppe.
  2377 | D:3      | Noticed a centaur
  2385 | D:3      | Killed a centaur
  2386 | D:3      | Reached XP level 5. HP: 13/52 MP: 0/4
  2749 | D:4      | Reached skill level 5 in Unarmed Combat
  2826 | D:4      | Noticed a black bear
  2854 | D:4      | Reached XP level 6. HP: 32/61 MP: 2/5
  3131 | D:4      | Reached XP level 7. HP: 67/67 MP: 6/6
  3137 | D:4      | Found a staircase to the Ecumenical Temple.
  3343 | D:5      | Entered Level 5 of the Dungeon
  3391 | D:5      | Reached skill level 6 in Unarmed Combat
  3675 | D:5      | Reached skill level 1 in Stealth
  3714 | D:5      | Found a sand-covered staircase.
  3723 | Ossuary  | Entered an ossuary
  3781 | Ossuary  | Reached *** piety under Trog
  3954 | Ossuary  | Reached skill level 7 in Unarmed Combat
  4007 | Ossuary  | Reached XP level 8. HP: 78/78 MP: 7/7
  4246 | D:5      | Reached skill level 1 in Throwing
  4246 | D:5      | Reached skill level 5 in Dodging
  4246 | D:5      | Reached skill level 8 in Unarmed Combat
  4592 | D:5      | Reached **** piety under Trog
  4813 | D:6      | Found Kethely's Jewellery Emporium.
  4947 | D:6      | Reached skill level 9 in Unarmed Combat
  5042 | D:6      | Reached XP level 9. HP: 84/84 MP: 8/8
  5334 | D:6      | Found a runed translucent door.
  5335 | D:6      | Noticed Crazy Yiuf
  5344 | D:6      | Killed Crazy Yiuf
  5598 | D:7      | Noticed a troll
  5618 | D:7      | Killed a troll
  5724 | D:7      | Reached skill level 10 in Unarmed Combat
  5916 | D:7      | You fall into a shaft and drop 3 floors!
  5916 | D:10     | Entered Level 10 of the Dungeon
  5921 | D:10     | Noticed a troll
  5927 | D:10     | Gained mutation: You have supernaturally acute eyesight.
                  | (SInv) [potion of mutation]
  5928 | D:10     | HP: 2/85 [troll (7)]
  5931 | D:10     | Slain by a troll

Illustrated notes

Levels and vault maps discovered:
D:1:      matt_arrival_grand_opening, layout_loops_ring,
          hellmonk_ecumenical_altar_zigzags, minmay_crystal_room
D:2:      layout_loops_ring, uniq_natasha
D:3:      layout_loops_ring, serial_shops, shop, nicolae_shop_waterfront, shop,
          nicolae_shop_temple_entry_statues_fountains, grunt_ministairs_15
D:4:      layout_cave_pools, minmay_temple_entry_proselytizer
D:5:      layout_basic, gup_ossuary_entry_pyramid
D:6:      layout_loops_ring, serial_shops, kennysheep_mini,
          uniq_crazy_yiuf_cottage
D:7:      layout_rooms
D:10:     layout_cross, gammafunk_ghost_hive

Skill      XL: |  1  2  3  4  5  6  7  8  9 |
---------------+----------------------------+-----
Dodging        | 3 4 5 |  5.9
Unarmed Combat | 4 5 7 9 10 | 10.6
Fighting       | 3 4 |  4.3
Stealth        | 1 |  1.3
Throwing       | 1 2 |  2.2
Armour         | |  0.7

Action                   |  1- 3 |  4- 6 |  7- 9 || total
-------------------------+-------+-------+-------++-------
Melee: Unarmed           |    69 |   106 |   287 ||   462
Throw: Dart              |     5 |       |     8 ||    13
       Large rock        |       |       |    13 ||    13
Invok: Berserk           |       |     2 |     3 ||     5
  Use: Scroll            |       |     1 |     4 ||     5
       Potion            |       |       |     5 ||     5
 Stab: Sleeping          |     1 |     1 |     1 ||     3
Armor: Animal skin       |    17 |    57 |       ||    74
       Robe              |       |     2 |    94 ||    96
       Troll leather arm |       |       |    30 ||    30
Dodge: Dodged            |    34 |    82 |   195 ||   311
